 Dungeon Crawl Stone Soup version 0.20.0-1-g1cb1d84 (webtiles) character file.

116 Hailrake the Poker (level 5, -3/42 HPs)
             Began as a Merfolk Berserker on May 26, 2017.
             Was a Believer of Trog.
             Killed from afar by an orc wizard (9 damage)
             ... with a puff of flame
             ... on level 3 of the Dungeon.
             The game lasted 00:06:01 (2291 turns).

Hailrake the Poker (Merfolk Berserker)              Turns: 2291, Time: 00:06:01

Health: -3/42      AC: 11    Str: 19    XL:     5   Next: 1%
Magic:  5/5        EV:  6    Int:  6    God:    Trog [**....]
Gold:   143        SH:  0    Dex: 13    Spells: 4/4 levels left

rFire    . . .     SeeInvis .   a - +0 spear
rCold    . . .     Gourm    .   (no shield)
rNeg     . . .     Faith    .   i - +0 plate armour
rPois    .         Spirit   .   (no helmet)
rElec    .         Reflect  .   (no cloak)
rCorr    .         Harm     .   j - +0 pair of gloves
MR       .....                  (no boots)
Stlth    ..........             (no amulet)
Regen    0.2/turn               (no ring)
MPRegen  0.1/turn               (no ring)

@: no status effects
A: change form in water, swift swim, stealthy swim
a: Berserk, Trog's Hand, Burn Spellbooks, Renounce Religion


You were on level 3 of the Dungeon.
You worshipped Trog.
Trog was pleased with you.
You were not hungry.

You visited 1 branch of the dungeon, and saw 3 of its levels.

You collected 143 gold pieces.

Inventory:

Hand Weapons
 a - a +0 spear (weapon)
Armour
 i - a +0 plate armour (worn)
 j - a +0 pair of gloves (worn)
Scrolls
 b - a scroll of random uselessness {unknown}
 c - a scroll of immolation {unknown}
 d - 2 scrolls of teleportation {unknown}
 e - a scroll of enchant armour {unknown}
 g - 2 scrolls of remove curse {unknown}
 h - a scroll of identify {unknown}
 l - a scroll of recharging {unknown}
 n - a scroll of noise {unknown}
Comestibles
 m - a meat ration


   Skills:
 + Level 4.2 Fighting
 + Level 6.4 Polearms
 + Level 1.6 Armour
 * Level 3.4 Dodging


You had 4 spell levels left.
You didn't know any spells.

Dungeon Overview and Level Annotations

Branches:
Dungeon (3/15)

Altars:
The Shining One


Message History

Something hits you but does no damage. Something hits you.
* * * LOW HITPOINT WARNING * * *
You hear some strange, mumbled words.
A puff of flame appears from out of thin air!
The puff of flame hits you! Something hits you but does no damage.
Something hits you but does no damage. Something hits you but does no damage.
You hear some strange, mumbled words.
Something tries to affect you, but you resist.
You closely miss something. Something hits you.
* * * LOW HITPOINT WARNING * * *
Something hits you but does no damage.
You hit something. Something hits you.
* * * LOW HITPOINT WARNING * * *
You hear some strange, mumbled words.
A puff of flame appears from out of thin air!
The puff of flame hits you!
You die...

###..#+.....##........#.......
###...##.......##.......#.#.##.#
#...### ..._... ###.....#.#..#.#
#.#...##.......##.......#.##.#.#
#..#...##.....##..##....#....#.#
##......##...##..###....######.#
###.....##.##...# #....#..<.#.#
##.##..###..{.######.#.##.#.#
#.# #..#...@...........#.#.#
###'####.#.##########.####.#.#
#..........# #......#.#
#.........## #########..>###.#
#.........####...............#
#.........+..#.#######......##
#......)..##.#.# #......##
.........#..#.#.# #........
#########.#..#.#.# #........


There were no monsters in sight!

Vanquished Creatures
  5 adders
  2 oozes
  A worm (D:2)
  3 dart slugs
  A leopard gecko (D:2)
  2 orcs (D:3)
  2 giant cockroaches
  4 goblins
  6 hobgoblins
  4 jackals (D:3)
  3 kobolds
  A quokka (D:3)
  8 bats
  3 frilled lizards
  9 rats
54 creatures vanquished.

Notes
Turn   | Place    | Note
-------+----------+-------------------------------------------
     0 | D:1      | Hailrake the Merfolk Berserker began the quest for the Orb.
     0 | D:1      | Reached XP level 1. HP: 18/18 MP: 1/1
    33 | D:1      | Reached XP level 2. HP: 18/24 MP: 2/2
    48 | D:1      | Reached skill level 5 in Polearms
   632 | D:2      | Reached XP level 3. HP: 30/30 MP: 3/3
   786 | D:2      | Reached ** piety under Trog
  1205 | D:2      | Reached XP level 4. HP: 32/37 MP: 4/4
  1347 | D:2      | Reached skill level 6 in Polearms
  1665 | D:3      | Found a glowing golden altar of the Shining One.
  2218 | D:3      | Reached XP level 5. HP: 26/42 MP: 5/5
  2291 | D:3      | Killed from afar by an orc wizard

Skill      XL: |  1  2  3  4 |
---------------+-------------+-----
Polearms       | 5 6 |  6.4
Fighting       | 4 |  4.2
Dodging        | 3 |  3.4
Armour         | |  1.6

Action                   |  1- 3 |  4- 6 || total
-------------------------+-------+-------++-------
Melee: Spear             |   114 |   137 ||   251
Invok: Berserk           |       |     2 ||     2
  Use: Potion            |       |     2 ||     2
  Eat: Bread ration      |     1 |       ||     1
       Meat ration       |       |     1 ||     1
Armor: Chain mail        |     6 |       ||     6
       Animal skin       |     2 |       ||     2
       Plate armour      |    36 |    95 ||   131
Dodge: Dodged            |    31 |    32 ||    63
